 Dungeon Crawl Stone Soup version 0.16.2-12-gd0ad4c3 (webtiles) character file.

205 faibistes the Cudgeler (level 5, 0/53 HPs)
             Began as an Ogre Warper on Dec 7, 2017.
             Slain by a scorpion (4 damage)
             ... on level 7 of the Dungeon.
             The game lasted 00:09:30 (4382 turns).

faibistes the Cudgeler (Ogre Warper)                Turns: 4382, Time: 00:09:30

Health: 0/53       AC:  3    Str: 20    XL:     5   Next: 83%
Magic:  16/20      EV: 10    Int: 16    God:
Gold:   111        SH:  0    Dex:  9    Spells: 4 memorised, 3 levels left

rFire  x . .     SeeInvis .     x - +1 rapier "Graciost" {flame, rElec rF- Str+4 Int+3} (curse)
rCold  . . .     Clarity  .     b - +0 robe
rNeg   . . .     SustAb   .     (shield restricted)
rPois  .         Gourm    .     s - +0 hat
rElec  +         Spirit   .     (no cloak)
rCorr  .         Warding  .     (gloves unavailable)
rMut   .         Stasis   .     (boots unavailable)
MR     .....                    (no amulet)
Stlth  ++........               w - ring of stealth
                                r - ring of magical power

@: shrouded (expiring), not resistant to hostile enchantments, unstealthy
A: unfitting armour, tough skin 1
a: no special abilities


You were on level 7 of the Dungeon.
You were hungry.

You visited 1 branch of the dungeon, and saw 6 of its levels.

You collected 111 gold pieces.

Inventory:

Hand weapons
 a - a +0 mace
 x - the cursed +1 rapier "Graciost" (weapon) {flame, rElec rF- Str+4 Int+3}
   (You found it on level 7 of the Dungeon)

   It has been specially enchanted to burn those struck by it, causing extra
   injury to most foes and up to half again as much damage against particularly
   susceptible opponents.
   It affects your strength (+4).
   It affects your intelligence (+3).
   It makes you vulnerable to fire.
   It insulates you from electricity.
   It has a curse placed upon it.
Missiles
 e - 4 tomahawks of dispersal
 l - 5 tomahawks
 n - 113 stones (quivered)
Armour
 b - a +0 robe (worn)
 s - a +0 hat (worn)
Jewellery
 r - a ring of magical power (left hand)
 w - a ring of stealth (right hand)
Magical devices
 v - a wand of magic darts (34)
Scrolls
 d - a scroll of blinking
 j - a scroll of amnesia {unknown}
 k - a scroll of immolation {unknown}
 t - 2 scrolls of remove curse {unknown}
Potions
 i - a potion of flight
 m - a potion of lignification {unknown}
 o - a potion of restore abilities
 q - a potion of brilliance
 u - a potion of curing
Books
 c - a book of Spatial Translocations

   Spells                             Type                      Level
   a - Apportation                    Translocation                1
   b - Blink                          Translocation                2
   c - Shroud of Golubria             Charms/Translocation         2
   d - Portal Projectile              Translocation                3
   e - Teleport Other                 Translocation                3
   f - Passage of Golubria            Translocation                4
Comestibles
 f - 2 meat rations
 g - 2 beef jerkies
 h - 2 chunks of flesh
 p - 2 bread rations


   Skills:
 + Level 3.3 Fighting
 * Level 4.1 Maces & Flails
 * Level 3.2 Throwing
 + Level 1.3 Armour
 - Level 1.7 Dodging
 * Level 3.5 Spellcasting
 * Level 2.7 Translocations


You had 3 spell levels left.
You knew the following spells:

 Your Spells              Type           Power        Failure   Level  Hunger
a - Apportation           Tloc           ##........   8%          1    None
b - Teleport Other        Tloc           ##......     17%         3    ###....
c - Shroud of Golubria    Chrm/Tloc      #.........   17%         2    ##.....
d - Blink                 Tloc           N/A          10%         2    ##.....


Dungeon Overview and Level Annotations

Branches:
Dungeon (7/15)
 Temple: D:4-7

Altars:
Ashenzari
Elyvilon
Zin


Innate Abilities, Weirdness & Mutations

You are too large for most types of armour.
You have tough skin (AC +1).


Message History

Press: ? - help, Shift-Dir - straight line, f/p - goliath beetle
Aim: a goliath beetle (moderately wounded)
You throw a stone.
The stone barely misses the goliath beetle.
You hit the goliath beetle but do no damage.
The goliath beetle is moderately wounded.
The goliath beetle bites you!!
* * * LOW HITPOINT WARNING * * *
Casting: Shroud of Golubria
Confirm with . or Enter, or press ? or * to list all spells.
Space distorts slightly along a thin shroud covering your body.
A scorpion comes into view.
Casting: Shroud of Golubria
Confirm with . or Enter, or press ? or * to list all spells.
You blink.
Your shroud begins to fray at the edges.
Casting: Blink
Confirm with . or Enter, or press ? or * to list all spells.
You blink.
The scorpion stings you.
You die...

.###≈≈≈.#.#
############.#
........###..###
###....#(.(...#
#......#.(....#
#......#.(....#
#......#(§....#
#......#.sB...#
#......#@§....# #
###....'......+ ...
######......#....##
#..............
###.##.#######
...##.# #.#####.# #
#.# ...


You could see a goliath beetle and a scorpion.

Vanquished Creatures
  2 worker ants
  A hound zombie (D:5)
  4 adders
  A gnoll (D:2)
  2 giant mites
  2 worms
  An adder skeleton (D:4)
  A bat skeleton (D:5)
  A giant cockroach (D:1)
  10 goblins
  9 hobgoblins
  11 kobolds
  3 quokkas
  3 ball pythons
  4 bats
  2 giant geckos
  A giant newt (D:1)
  11 rats
69 creatures vanquished.

Notes
Turn   | Place    | Note
--------------------------------------------------------------
     0 | D:1      | faibistes, the Ogre Warper, began the quest for the Orb.
     0 | D:1      | Reached XP level 1. HP: 22/22 MP: 3/3
    69 | D:1      | Reached XP level 2. HP: 29/29 MP: 5/5
    74 | D:1      | Learned a level 2 spell: Blink
    77 | D:1      | Learned a level 2 spell: Shroud of Golubria
   325 | D:1      | Reached skill level 3 in Fighting
   508 | D:1      | Reached XP level 3. HP: 13/37 MP: 3/6
   854 | D:2      | Reached skill level 1 in Armour
  1868 | D:2      | Found a white marble altar of Elyvilon.
  1871 | D:2      | Reached XP level 4. HP: 45/45 MP: 8/8
  1876 | D:2      | Learned a level 3 spell: Teleport Other
  2035 | D:5      | Entered Level 5 of the Dungeon
  2729 | D:5      | Reached XP level 5. HP: 34/53 MP: 11/11
  3135 | D:3      | Found a glowing silver altar of Zin.
  3629 | D:3      | Reached skill level 4 in Maces & Flails
  3902 | D:4      | Found a shattered altar of Ashenzari.
  3915 | D:4      | HP: 2/53 [worker ant (6)]
  4280 | D:5      | You fall through a shaft for 2 floors!
  4330 | D:7      | Got a bloodstained rapier
  4331 | D:7      | Identified the cursed +1 rapier "Graciost" {flame, rElec rF- Str+4 Int+3} (You found it on level 7 of the Dungeon)
  4369 | D:7      | HP: 2/53 [goliath beetle (22)]
  4382 | D:7      | Slain by a scorpion

Action                   |  1- 3 |  4- 6 || total
-------------------------+-------+-------++-------
Melee: Mace              |   103 |   162 ||   265
       Rapier            |       |    13 ||    13
Throw: Tomahawk          |     1 |     4 ||     5
       Stone             |       |    36 ||    36
 Cast: Shroud of Golubri |     1 |     8 ||     9
       Blink             |     1 |     2 ||     3
  Use: Potion            |       |     4 ||     4
       Scroll            |       |     4 ||     4
 Stab: Sleeping          |       |     2 ||     2
  Eat: Chunk             |     3 |     4 ||     7
       Bread ration      |       |     1 ||     1
